 Dungeon Crawl Stone Soup version 0.27-a0-394-g49c82dfaf2 (webtiles) character file.

Game seed: 18441090596288048053

5771 lorenzova the Thaumaturge (level 10, -7/50 HPs)
             Began as a Deep Elf Conjurer on Feb 20, 2021.
             Was a Believer of Vehumet.
             Killed from afar by a gargoyle (12 damage)
             ... with a stone arrow
             ... on level 8 of the Dungeon.
             The game lasted 00:30:43 (10780 turns).

lorenzova the Thaumaturge (Deep Elf Conjurer)      Turns: 10780, Time: 00:30:44

Health: -7/50      AC:  4    Str:  7    XL:     10   Next: 49%
Magic:  2/28       EV: 12    Int: 27    God:    Vehumet [**....]
Gold:   679        SH:  0    Dex: 13    Spells: 13/34 levels left

rFire    . . .     SeeInvis .   i - +2 short sword (flame)
rCold    . . .     Faith    .   (no shield)
rNeg     + . .     Spirit   .   B - +0 robe {rN+}
rPois    +         Reflect  .   (no helmet)
rElec    .         Harm     .   (no cloak)
rCorr    .         Rampage  .   s - +1 pair of gloves {Str+3}
Will     +....                  (no boots)
Stlth    ++........             e - amulet of the acrobat
HPRegen  0.16/turn              r - ring of poison resistance
MPRegen  0.21/turn              D - ring of wizardry

@: studying Fighting
A: no striking features
a: Renounce Religion


You were on level 8 of the Dungeon.
You worshipped Vehumet.
Vehumet was pleased with you.
You visited 2 branches of the dungeon, and saw 9 of its levels.
You also visited: Bailey.

You collected 679 gold pieces.

Inventory:

Hand Weapons
 i - a +2 short sword of flaming (weapon)
Armour
 s - a +1 pair of gloves of strength (worn)
 B - a +0 robe of positive energy (worn)
Jewellery
 e - an amulet of the acrobat (around neck)
 f - a ring of positive energy
 r - a ring of poison resistance (left hand)
 y - a +4 ring of protection
 D - a ring of wizardry (right hand)
Wands
 q - a wand of flame (17)
 G - a wand of paralysis (5)
 H - a wand of digging (8)
Scrolls
 a - a scroll of acquirement {unknown}
 k - a scroll of enchant armour
 o - a scroll of fear
 u - 4 scrolls of enchant weapon {unknown}
 v - a scroll of identify
 x - 2 scrolls of teleportation
 z - 2 scrolls of blinking {unknown}
 A - 3 scrolls of amnesia
 C - a scroll of noise {unknown}
 F - a scroll of vulnerability {unknown}
Potions
 b - a potion of invisibility
 c - a potion of cancellation {unknown}
 d - 5 potions of brilliance {unknown}
 g - a potion of resistance {unknown}
 h - 4 potions of curing {unknown}
 j - a potion of ambrosia {unknown}
 l - 2 potions of berserk rage {unknown}
 m - 4 potions of degeneration {unknown}
 n - a potion of mutation {unknown}
 p - 4 potions of magic {unknown}
 t - 2 potions of lignification {unknown}
 w - a potion of attraction {unknown}
 E - a potion of haste


   Skills:
 - Level 2.4 Dodging
 - Level 2.4 Stealth
 * Level 12.6 Spellcasting
 * Level 11.3 Conjurations
 + Level 3.9 Hexes
 + Level 3.1 Translocations
 * Level 4.7 Fire Magic
 * Level 4.3 Air Magic


You had 13 spell levels left.
You knew the following spells:

 Your Spells              Type           Power        Failure   Level
a - Magic Dart            Conj           100%         1%          1
b - Searing Ray           Conj           100%         1%          2
c - Iskenderun's Mystic   Conj/Tloc      54%          1%          4
d - Fulminant Prism       Conj/Hex       27%          1%          4
h - Swiftness             Air            40%          1%          2
l - Lightning Bolt        Conj/Air       28%          1%          5
x - Conjure Flame         Conj/Fire      57%          1%          3

Your spell library contained the following spells:

 Spells                   Type           Power        Failure   Level
 Stone Arrow              Conj/Erth      94%          1%          3
 Shock                    Conj/Air       100%         1%          1
 Poisonous Vapours        Pois/Air       56%          1%          2
 Dazzling Flash           Conj/Hex       100%         1%          3
 Mephitic Cloud           Conj/Pois/Air  45%          1%          3
 Static Discharge         Conj/Air       56%          1%          3
 Airstrike                Air            20%          2%          4
 Freezing Cloud           Conj/Ice/Air   22%          24%         6


Dungeon Overview and Level Annotations

Branches:
Dungeon (8/15)             Temple (1/1) D:7            Lair (0/6) D:8
 Bailey (visited)

Altars:
Cheibriados
Elyvilon
Gozag
Hepliaklqana
Makhleb
Nemelex Xobeh
Qazlal
Ru
Uskayaw
Vehumet
Wu Jian
Xom
Zin
The Shining One


Message History

The mystic blast hits the gargoyle but does no damage.
The gargoyle is severely damaged.
The gargoyle hits you with a +0 morningstar.
Unknown command.
Casting: Iskenderun's Mystic Blast (dangerous; 1% risk of failure)
Confirm with . or Enter, or press ? or * to list all spells.
You erupt in a blast of force!
The mystic blast hits the gargoyle.
The gargoyle is almost destroyed.
The gargoyle is knocked back by the mystic blast.
Unknown command.
Casting: Iskenderun's Mystic Blast (dangerous; 1% risk of failure)
Confirm with . or Enter, or press ? or * to list all spells.
Aiming: Searing Ray (safe; 1% risk of failure)
Press: ? - help, Shift-Dir - straight line, f/p - gargoyle
Aim: a gargoyle, wielding a +0 morningstar (almost destroyed, 8% to evade)
The searing ray hits the gargoyle.
The gargoyle is almost destroyed. (Press . to maintain the ray.) Unknown command.
Without enough magic to sustain it, your searing ray dissipates.
You barely miss the gargoyle.
The gargoyle is almost destroyed.
The gargoyle hits you with a +0 morningstar!!
* * * LOW HITPOINT WARNING * * *
You hit the gargoyle but do no damage.
The gargoyle is almost destroyed.
The gargoyle barely misses you.
You hit the gargoyle but do no damage.
The gargoyle is almost destroyed.
The gargoyle hurls a stone arrow at you.
The stone arrow hits you!
* * * LOW HITPOINT WARNING * * *
You barely miss the gargoyle.
The gargoyle is almost destroyed.
The gargoyle completely misses you.
You barely miss the gargoyle.
The gargoyle is almost destroyed.
The gargoyle hurls a stone arrow at you.
The stone arrow hits you!
You die...

#...# ...# # ...#.#
...#.# #....#
#....# ## #9...#
#.##@...#
###.#.#...#
#..#†##...# ####
##.## ...#
..[.####.## ...#
..........######..#
..............##..#
.................#
..##.............


You could see a gargoyle.

Vanquished Creatures
  An ugly thing (D:8)
  A komodo dragon (D:8)
  A wyvern (D:8)
  2 yaks (D:8)
  Duvessa (D:5)
  2 black bears (D:8)
  12 orc warriors
  9 centaurs
  5 ogres
  3 phantoms
  4 bullfrogs
  A wyvern zombie (D:6)
  Dowan (D:5)
  3 scorpions
  A killer bee (D:8)
  8 wights
  A howler monkey (D:5)
  A centaur zombie (D:8)
  3 hounds
  2 jellies
  A centaur skeleton (D:5)
  An orc priest (D:3)
  A gnoll shaman (D:8)
  4 iguanas
  3 orc wizards
  7 worker ants
  A hound zombie (D:8)
  A mummy (D:7)
  A gnoll (D:1)
  3 howler monkey skeletons
  8 adders
  2 shadow imps
  5 white imps
  4 ufetubi
  An ooze (D:2)
  2 adder skeletons
  2 worms
  2 dart slugs
  6 leopard geckos
  38 orcs
  3 bats
  6 giant cockroaches
  9 hobgoblins
  8 jackals
  5 quokkas
  6 frilled lizards
  13 goblins
  A jackal zombie (D:8)
  6 kobolds
  A leopard gecko skeleton (D:6)
  8 rats
221 creatures vanquished.

Vanquished Creatures (others)
  23 fulminant prisms
  20 fungi (D:8)
  16 plants (D:8)
59 creatures vanquished.

Grand Total: 280 creatures vanquished

Notes
Turn   | Place    | Note
-------+----------+-------------------------------------------
     0 | D:1      | lorenzova the Deep Elf Conjurer began the quest for the
                  | Orb.
     0 | D:1      | Reached XP level 1. HP: 10/10 MP: 6/6
   265 | D:1      | Reached XP level 2. HP: 15/15 MP: 3/8
   268 | D:1      | Learned a level 2 spell: Searing Ray
   607 | D:1      | Reached skill level 4 in Spellcasting
   609 | D:1      | Reached skill level 5 in Conjurations
   609 | D:1      | Reached XP level 3. HP: 19/19 MP: 4/10
  1554 | D:2      | Noticed an ogre
  1558 | D:2      | Killed an ogre
  1559 | D:2      | Reached skill level 5 in Spellcasting
  1559 | D:2      | Reached XP level 4. HP: 24/24 MP: 7/13
  1635 | D:2      | Reached XP level 5. HP: 28/28 MP: 12/14
  2116 | D:2      | Found a hazy altar of Hepliaklqana.
  2462 | D:3      | Reached skill level 6 in Spellcasting
  2906 | D:3      | Found a stormy altar of Qazlal.
  2942 | D:3      | Found an opulent altar of Gozag.
  2944 | D:3      | Found a hide-covered altar of Uskayaw.
  2953 | D:3      | Found a sacrificial altar of Ru.
  3057 | D:3      | Reached XP level 6. HP: 32/32 MP: 14/17
  3772 | D:4      | Reached skill level 7 in Spellcasting
  4786 | D:5      | Entered Level 5 of the Dungeon
  4813 | D:5      | Reached XP level 7. HP: 36/36 MP: 15/20
  5051 | D:5      | Noticed Dowan
  5055 | D:5      | Noticed Duvessa
  5083 | D:5      | Killed Duvessa
  5083 | D:5      | Killed Dowan
  5084 | D:5      | Reached skill level 8 in Spellcasting
  5480 | D:5      | Found a burning altar of Makhleb.
  5655 | D:5      | Reached skill level 9 in Spellcasting
  5764 | D:5      | Reached XP level 8. HP: 41/41 MP: 17/23
  6164 | D:5      | Learned a level 2 spell: Swiftness
  6169 | D:5      | Learned a level 4 spell: Iskenderun's Mystic Blast
  6174 | D:5      | Learned a level 4 spell: Fulminant Prism
  6180 | D:5      | Learned a level 5 spell: Lightning Bolt
  6501 | D:6      | Reached skill level 10 in Spellcasting
  6901 | D:6      | Found a glowing golden altar of the Shining One.
  7283 | D:7      | Found a snail-covered altar of Cheibriados.
  7399 | D:7      | Found a staircase to the Ecumenical Temple.
  7408 | Temple   | Entered the Ecumenical Temple
  7606 | Temple   | Became a worshipper of Vehumet
  7682 | D:7      | Reached skill level 10 in Conjurations
  7685 | D:7      | Reached skill level 11 in Spellcasting
  7696 | D:7      | Found a flagged portal.
  7703 | D:7      | Reached XP level 9. HP: 45/45 MP: 4/26
  7710 | Bailey   | Entered a bailey
  8181 | Bailey   | Reached * piety under Vehumet
  8181 | Bailey   | Offered knowledge of Foxfire by Vehumet.
  8189 | Bailey   | Learned a level 3 spell: Conjure Flame
  8310 | Bailey   | Reached skill level 1 in Fire Magic
  8358 | Bailey   | Reached skill level 1 in Hexes
  8358 | Bailey   | Reached skill level 1 in Air Magic
  8528 | Bailey   | Reached skill level 1 in Translocations
  9283 | Bailey   | Reached skill level 12 in Spellcasting
  9987 | D:8      | Offered knowledge of Freeze by Vehumet.
 10063 | D:8      | Noticed a komodo dragon
 10089 | D:8      | Reached ** piety under Vehumet
 10090 | D:8      | Reached XP level 10. HP: 50/50 MP: 22/28
 10365 | D:8      | Found a staircase to the Lair.
 10406 | D:8      | Noticed a brown ugly thing
 10414 | D:8      | Killed a brown ugly thing
 10760 | D:8      | Offered knowledge of Stone Arrow by Vehumet.
 10766 | D:8      | Noticed a gargoyle
 10780 | D:8      | Killed from afar by a gargoyle

Illustrated notes

Levels and vault maps discovered:
D:1:      amcnicky_arrival_abandoned_market, layout_rooms,
          minmay_misc_feat_alley, chequers_garden, nrook_mini_backslash
D:2:      minmay_skewed_foursquare, layout_loops_ring,
          nzn_hepliaklqana_mist_gate
D:3:      layout_loops_ring, grunt_temple_overflow_open, minmay_misc_feat_five
D:4:      layout_loops_corners, minmay_ogre_servants
D:5:      layout_loops_cross, old_standard_altar, uniq_duvessa
D:6:      layout_loops_ring, nicolae_tso_swordbearing_angel
D:7:      layout_rooms, slow_altar_1, minmay_temple_entry_offerings,
          enter_bailey_6
D:8:      minmay_ornate_pinched, layout_basic, grunt_lair_entry_orc_guard_hut,
          st_stairs_9
Temple:   nicolae_temple_figure_eight

Skill      XL: |  1  2  3  4  5  6  7  8  9 10 |
---------------+-------------------------------+-----
Spellcasting   | 4 5 6 7 9 11 12 | 12.6
Conjurations   | 5 6 7 8 10 11 | 11.3
Fire Magic     | 3 4 |  4.7
Hexes          | 2 3 |  3.9
Air Magic      | 3 4 |  4.3
Translocations | 2 3 |  3.1
Dodging        | |  2.4
Stealth        | |  2.4

Action                   |  1- 3 |  4- 6 |  7- 9 | 10-12 || total
-------------------------+-------+-------+-------+-------++-------
Melee: Short sword       |       |    10 |       |     5 ||    15
 Cast: Magic Dart        |    59 |   125 |   266 |    42 ||   492
       Searing Ray       |     1 |     8 |    37 |    12 ||    58
       Fulminant Prism   |       |       |    20 |     3 ||    23
       Iskenderun's Myst |       |       |     2 |    14 ||    16
  Use: Scroll            |     1 |     5 |     1 |       ||     7
Armor: Robe              |     3 |     5 |    17 |     1 ||    26
Dodge: Dodged            |     6 |    13 |    79 |     5 ||   103

Table legend: (Time is in decaauts)
 A = Elapsed time spent in this place.
 B = Non-inter-level travel time spent in this place.
 C = Inter-level travel time spent in this place.
 D = Time resting spent in this place.
 E = Time spent auto-exploring this place.
 F = Levels seen in this place.
 G = Mean time per level.
                   A        B        C        D        E       F      G
               +--------+--------+--------+--------+--------+-----+--------+
         Total |  10789 |  10585 |    204 |   1199 |   7781 |  10 | 1078.9 |
       Dungeon |   8677 |   8485 |    192 |    861 |   6520 |   8 | 1084.6 |
        Temple |    210 |    198 |     12 |      0 |    193 |   1 |  210.0 |
        Bailey |   1901 |   1901 |      0 |    338 |   1068 |   1 | 1901.0 |
               +--------+--------+--------+--------+--------+-----+--------+

Top non-repeatable levels by time:
  Bailey: 1901 daAuts
     D:4: 1484 daAuts
     D:5: 1302 daAuts
     D:2: 1240 daAuts
     D:6: 1151 daAuts
     D:3: 1149 daAuts
     D:1: 910 daAuts
     D:8: 884 daAuts
     D:7: 554 daAuts
  Temple: 210 daAuts
